[Event "CCT Julius Baer-D1 2024"]
[Site "Online"]
[Date "2024.09.27"]
[Round "1"]
[White "Carlsen, Magnus"]
[Black "Nepomniachtchi, Ian"]
[Result "1/2-1/2"]
[ECO "A28"]
[WhiteElo "2832"]
[BlackElo "2755"]
[Annotator "TA"]
[PlyCount "82"]
[EventDate "2024.09.25"]
[EventType "swiss"]
[EventCountry "NET"]
[SourceTitle "playchess.com"]
[Source "ChessBase"]
[SourceQuality "1"]
[TimeControl "600+2"]

1. c4 e5 2. Nc3 Nf6 3. Nf3 Nc6 4. a3 g6 5. e4 Bg7 6. d3 d6 7. g3 Bg4 8. Bg2 Nd7 9. Be3 Nc5 10. b4 Ne6 11. h3 Bxf3 12. Bxf3 a5 13. Rb1 axb4 14. axb4 Ncd4 15. Bg4 O-O 16. Bxe6 Nxe6 17. h4 f5 18. h5 f4 19. Qg4 {[%emt 0:00:21] [#]} ({White should play} 19. Bc1) 19... fxe3 (19... Qe8 $1 $17 20. Bc1 gxh5) 20. Qxe6+ $11 Kh8 21. hxg6 h6 {[%emt 0:00:02] ...Qg5 would now be deadly.} 22. O-O (22. fxe3 Qg5 23. Ke2 Qxg3 $17) 22... Qg5 {[%emt 0:00:27] Prevents Qg4.} 23. Kg2 Rf6 (23... exf2 $15 24. Nd5 (24. Rxf2 $2 {too greedy.} Rxf2+ 25. Kxf2 Qd2+ 26. Kg1 Qxc3 $19) 24... c6) 24. Qh3 $1 {[%emt 0:00:07] Strongly threatening Nd5. Dancing on a razor blade.} Raf8 25. Rb2 ({Much weaker is} 25. fxe3 Qxe3 26. Rxf6 Rxf6 $11) 25... Rxg6 26. Nd5 exf2 {[%emt 0:00:03] [#] aiming for ...c6.} 27. Nxc7 ({White should try} 27. Re2 $14) 27... Qe3 $1 {[%emt 0:00:57] The position is equal.} 28. Rbxf2 Rxf2+ 29. Rxf2 Qxd3 30. Qh4 Qxc4 31. Nd5 Rg5 32. Nf6 Qd3 33. Nd5 Kh7 34. Rf7 b5 35. Rf3 Qd1 36. Rf1 Qc2+ 37. Rf2 {[%emt 0:00:01] Active counter play!} Qc4 38. Kh2 Qd3 39. Kg2 Qc4 40. Kh2 Qd3 41. Kg2 Qc4 {[%emt 0:00:00] Weighted Error Value: White=0.09 (flawless) /Black=0.08 (flawless) .  Mistake:       	White=2     	Black=2      Inaccurate:     	White=3     	---        OK:         	White=17    	Black=11     Best:        	White=1     	Black=4      Strong:       	White=1     	Black=1} 1/2-1/2

[Event "CCT Julius Baer-D1 2024"]
[Site "Online"]
[Date "2024.09.27"]
[Round "1"]
[White "Erigaisi Arjun"]
[Black "Grischuk, Alexander"]
[Result "0-1"]
[ECO "D35"]
[WhiteElo "2778"]
[BlackElo "2689"]
[Annotator "TA"]
[PlyCount "112"]
[EventDate "2024.09.25"]
[EventType "swiss"]
[EventCountry "NET"]
[SourceTitle "playchess.com"]
[Source "ChessBase"]
[SourceQuality "1"]
[TimeControl "600+2"]

1. d4 d5 2. c4 e6 3. Nc3 Be7 4. cxd5 exd5 5. Bf4 Nf6 6. e3 Bf5 7. Nge2 {[%emt 0:00:17] D35: Queen's Gambit Declined: Exchange Variation.} O-O 8. Ng3 Bg6 9. h4 h6 10. h5 Bh7 11. Bd3 Bxd3 12. Qxd3 Bd6 13. Bxd6 Qxd6 14. Nf5 Qe6 15. f3 $146 ({Predecessor:} 15. Rg1 Na6 16. a3 Rad8 17. g4 c5 18. O-O-O c4 19. Qc2 Kh8 20. f3 Nc7 21. g5 {1-0 Groot,P (2077)-Stepan,J (2110) EU-chT Cup prel email 2015 [4]}) 15... Nc6 16. g4 Ne7 17. O-O-O Rfe8 18. e4 dxe4 19. fxe4 Rad8 20. Qf3 Nh7 21. Qf4 c6 22. Rhe1 Ng5 23. d5 cxd5 24. exd5 Qd7 25. Rxe7 Rxe7 26. Qd4 f6 27. Nxe7+ Qxe7 28. d6 (28. Qxa7 $16 Nf7 29. Kb1) 28... Qd7 $14 29. Qxa7 Nf7 30. Kb1 Nxd6 (30... Qc6 $11) 31. Qc5 $1 $16 Qe6 {[%emt 0:00:20] [#]} 32. a4 $1 Kh7 33. Qb6 Rd7 34. a5 (34. Rd5 $14 Kh8 (34... Qxg4 35. Rxd6 Qxh5 36. Re6 $16) 35. a5) 34... Kh8 (34... Qxg4 $1 $11 35. Rxd6 Qf5+ 36. Ka2 (36. Kc1 $2 Qf4+ 37. Kc2 Qxd6 $19) 36... Rxd6 37. Qxd6 Qxa5+ 38. Kb1 Qxh5) 35. Rd4 (35. Qc5 $16 Ne8 36. Rxd7 Qxd7 37. b4) 35... f5 $1 $11 36. gxf5 Qxf5+ 37. Ka2 Nc8 38. Qb5 Qxb5 39. Nxb5 Rxd4 40. Nxd4 g6 41. Kb3 gxh5 42. Kc4 (42. Nf3 $11) 42... Kg7 ({Better is} 42... h4 $15 43. Nf3 h3) 43. b4 $11 Kf6 44. Kd5 h4 45. b5 $2 (45. Ke4 $11) 45... h3 $19 46. Nf3 Ke7 $2 (46... Kf5 $19 {And now ...Kf4 would win.} 47. Nh2 Kf4) 47. Kc5 Kd7 48. a6 $2 {[%emt 0:00:05] [#]} (48. Nh2 $11 {and White is okay.}) 48... b6+ $1 $19 49. Kc4 $2 (49. Kd5) 49... Kc7 50. Kb4 Nd6 51. Nh2 h5 52. Ka4 Ne4 (52... Nf5 $142 53. Kb4 Ne3 54. Kc3 Ng4 55. Nf1 h2 56. Ng3 Nf2 57. Kb3 Kb8 (57... h1=Q 58. Nxh1 Nxh1 59. Kc2 h4 60. Kd3 h3 61. Ke3 Ng3 62. Kf3 h2 63. Kg4 Ne4 64. Kf4 h1=Q 65. a7 Kb7 66. a8=R Kxa8 67. Ke5 Nc5 68. Kf4 Qe4+ 69. Kg5 Qf3 70. Kh6 Qg2 71. Kh5 Qg7 72. Kh4 Ne4 73. Kh5 Qg5#) (57... h1=B $2 58. Nxh5 Ne4 59. Nf4 $19) (57... h1=R $2 58. Ne2 $19) (57... h4 $2 58. Ne2 $19) 58. Kb2 h4 (58... h1=R $2 59. Nf5 $19) 59. Nf5 h1=Q (59... h1=R 60. Nxh4 Rxh4 61. Kc2 Ne4 62. Kb3 Nd6 63. Kc3 Nxb5+ 64. Kd3 Ka7 65. Kd2 Rc4 66. Ke3 Nd6 67. Ke2 b5 68. Kf3 b4 69. Kg3 b3 70. Kh2 b2 71. Kh3 b1=Q 72. Kg2 Qb3 73. Kg1 Rc2 74. Kh1 Qb1#) 60. Nd4 Qf1 (60... Nd1+ {gets mated.} 61. Kc1 Qe4 62. Nb3 h3 63. Nd2 Qe3 64. Kc2 Qc3+ 65. Kxd1 h2 66. Ke2 h1=Q 67. a7+ Kxa7 68. Kf2 Qh2+ 69. Kf1 Qc1#) 61. Nc6+ Ka8 (61... Kc7 62. Nb4 h3 63. Nd5+ Kb8 64. Nxb6 Qxb5+ 65. Kc2 Qxb6 66. Kc1 h2 67. Kd2 h1=Q 68. a7+ Kxa7 69. Kc2 Qd1+ 70. Kc3 Qbd4#) 62. Ne5 Qxb5+ 63. Kc2 Qxe5 (63... Qe2+ {leads to mate.} 64. Kb3 Qxe5 65. Kc2 h3 66. Kd2 h2 67. Kc2 h1=Q 68. Kb3 Qb1+ 69. Kc4 Qc5#) 64. Kb3 h3 65. Kb4 h2 66. Kb3 h1=Q (66... h1=R 67. Kc2 Qb5 68. Kc3 Rb1 69. Kd4 Qc5#) 67. Ka4 Qb2 68. a7 Qh4#) 53. Kb4 $19 Nf6 (53... Kb8 $142 {( -> ...Nf6)} 54. Kc4 Ka7) 54. Nf3 (54. Kc3 $19) 54... Ng4 55. Nd4 h2 56. Ne6+ Kb8 0-1

[Event "CCT Julius Baer-D1 2024"]
[Site "Online"]
[Date "2024.09.27"]
[Round "1"]
[White "Firouzja, Alireza"]
[Black "Fedoseev, Vladimir"]
[Result "0-1"]
[ECO "D20"]
[WhiteElo "2767"]
[BlackElo "2692"]
[Annotator "RC"]
[PlyCount "104"]
[EventDate "2024.09.25"]
[EventType "swiss"]
[EventCountry "NET"]
[SourceTitle "playchess.com"]
[Source "ChessBase"]
[SourceQuality "1"]
[TimeControl "600+2"]

1. d4 d5 2. c4 e6 3. Nc3 dxc4 4. e3 a6 5. Bxc4 b5 6. Be2 Nf6 7. Bf3 Ra7 8. Nge2 Bb7 9. Ng3 c5 10. O-O Nbd7 11. Bxb7 Rxb7 12. Qf3 Qc8 13. Bd2 Be7 14. Rfc1 O-O 15. dxc5 Ne5 16. Qe2 Qxc5 17. a4 Qc4 18. axb5 axb5 19. Nd1 Qxe2 20. Nxe2 Ne4 21. Ba5 Nc5 22. Nd4 b4 23. Kf1 Ra8 24. f4 Ned3 25. Rcb1 Bf6 26. Bxb4 Rd8 27. Bc3 Bxd4 28. exd4 Nb3 29. Ra3 Nxf4 30. Ne3 h5 31. Rd1 h4 32. g3 hxg3 33. hxg3 Nh5 34. g4 Nf6 35. Ke2 Rb5 36. Kd3 Rdb8 37. Kc2 Ne4 38. Nc4 f6 39. Re1 f5 40. gxf5 exf5 41. Rg1 g5 42. Rh1 f4 43. Ra6 f3 44. Re6 Nxc3 45. bxc3 Rc8 46. Kd3 Rd5 47. Nd6 Nc5+ 48. Kc4 Rxd6 49. Rxd6 Ne4+ 50. Kd5 Nxd6 51. Kxd6 f2 52. Rf1 Rf8 0-1

[Event "CCT Julius Baer-D1 2024"]
[Site "Online"]
[Date "2024.09.27"]
[Round "1"]
[White "Firouzja, Alireza"]
[Black "Fedoseev, Vladimir"]
[Result "1-0"]
[ECO "D52"]
[WhiteElo "2767"]
[BlackElo "2692"]
[Annotator "TA"]
[PlyCount "91"]
[EventDate "2024.09.25"]
[EventType "swiss"]
[EventCountry "NET"]
[SourceTitle "playchess.com"]
[Source "ChessBase"]
[SourceQuality "1"]
[TimeControl "600+2"]

1. d4 d5 2. c4 c6 3. Nf3 Nf6 4. Nc3 e6 5. Bg5 Nbd7 6. e3 Qa5 7. cxd5 Nxd5 8. Qd2 Bb4 9. Rc1 h6 10. Bh4 O-O 11. a3 Bxc3 12. bxc3 N5f6 {[%emt 0:00:09][%cal Bd5f6,Bf6h5,Bh5f4][%mdl 32] The position is equal.} 13. Bd3 b6 14. e4 (14. Qe2 $1 $14) 14... Ba6 $11 15. c4 Qxd2+ 16. Kxd2 Rfe8 17. e5 Nh5 18. Be4 Rac8 19. g4 Nf4 20. Bg3 Ng6 21. Rhe1 $1 c5 22. d5 $36 {[%emt 0:00:04][%mdl 2048] Black is under pressure.} exd5 23. cxd5 Rcd8 (23... Ndxe5 24. Bxe5 Nxe5 25. Nxe5 Rxe5 26. Bh7+ Kxh7 27. Rxe5 $11) (23... Ngxe5 24. Nxe5 Nxe5 25. Bxe5 Rxe5 26. Bh7+ Kxh7 27. Rxe5 $16) 24. Kc3 Bb7 (24... Ndxe5 25. Nxe5 Nxe5 26. Bxe5 Rxe5 27. Bh7+ Kxh7 28. Rxe5 $16) 25. a4 Ndf8 (25... Ndxe5 26. Nxe5 Nxe5 27. Bxe5 Rxe5 28. Bh7+ Kxh7 29. Rxe5 $16) 26. Rcd1 Ne7 27. d6 Bxe4 28. Rxe4 Nc6 29. Nh4 $1 {[%emt 0:00:07] White has more active pieces.} f6 (29... g6 $142) 30. f4 $16 fxe5 31. fxe5 Re6 (31... Rd7 $16 {was called for.} 32. Re3 Ne6) 32. Kc4 Rde8 33. Nf5 $1 (33. Kd5 Nb4+ 34. Kc4 Kf7) 33... Nd7 34. Rde1 $1 a6 (34... Ncxe5+ $2 {loses.} 35. Bxe5 Kf7 36. Kd5 $18) (34... a5 $142 35. h4 (35. Kb5 Rc8 $16) 35... Na7 36. Ne7+ R8xe7) 35. Kd5 $18 Nb4+ {[%emt 0:00:12] [#]} (35... Nd8 36. Rf1 (36. Ne7+ R6xe7 37. dxe7 Rxe7 $18) 36... Nf8) 36. Rxb4 $1 cxb4 37. Nd4 Rg6 38. e6 Nf6+ {[%emt 0:00:07] [#]} 39. Kc6 $1 Rxg4 40. d7 $2 (40. Be5 $18 {[%cal Oe5f6] is the precise move to win. Hoping for Bxf6!} Rc8+ 41. Kb7) 40... Rd8 $2 {[%emt 0:00:06][%mdl 8192] Black cannot hold the game after this.} (40... Rxd4 $16 41. dxe8=B (41. dxe8=R+ Nxe8 42. Be5 Rd2 $16) 41... Nxe8) 41. Be5 {[%emt 0:00:12][%cal Oe5f6] White wants to mate with Bxf6! White is clearly winning.} Nxd7 42. exd7 b3 43. Kc7 Rxd7+ 44. Kxd7 b2 45. Rb1 Re4 46. Kd6 {[%emt 0:00:01] Weighted Error Value: White=0.27 (precise) /Black=0.41.  Mistake:       	White=1     	Black=4      Inaccurate:     	White=1     	Black=5      OK:         	White=10    	Black=12     Best:        	White=2     	Black=1      Strong:       	White=3     	---        Brilliant:      	White=1     	---} 1-0

[Event "CCT Julius Baer-D1 2024"]
[Site "Online"]
[Date "2024.09.27"]
[Round "1"]
[White "Nepomniachtchi, Ian"]
[Black "Carlsen, Magnus"]
[Result "0-1"]
[ECO "A28"]
[WhiteElo "2755"]
[BlackElo "2832"]
[Annotator "TA"]
[PlyCount "62"]
[EventDate "2024.09.25"]
[EventType "swiss"]
[EventCountry "NET"]
[SourceTitle "playchess.com"]
[Source "ChessBase"]
[SourceQuality "1"]
[TimeControl "600+2"]

1. c4 e5 2. Nc3 Nf6 3. Nf3 Nc6 4. e3 d5 5. cxd5 Nxd5 6. Bb5 Nxc3 7. bxc3 Bd6 8. d4 Qf6 9. d5 a6 $1 10. Be2 Nb8 {[%emt 0:00:21] The position is equal.} 11. O-O Nd7 12. c4 O-O (12... e4 $5 13. Nd4 $8 O-O $11) 13. Bb2 Nc5 14. Nd2 Qg6 15. Kh1 Bf5 16. Rc1 b6 17. f3 Bd7 18. e4 f5 19. f4 $1 Rae8 (19... Nxe4 $6 20. fxe5 (20. Bxe5 Ba4 $11) 20... Bc5 21. Nxe4 fxe4 22. e6 Rxf1+ 23. Bxf1 $16) (19... exf4 $6 20. e5 $16) (19... fxe4 $11 {remains equal.} 20. fxe5 Be7) 20. Bh5 $16 Qh6 21. Bxe8 Rxe8 22. fxe5 Rxe5 23. Bxe5 Bxe5 24. Nf3 (24. exf5 $2 Qxh2#) 24... Bf4 {[%emt 0:00:03] [#]} (24... Ba4 $16 25. Rc2 Nxe4) 25. e5 $2 Ne4 {[%emt 0:00:03] [#]} (25... Ba4 $1 $11 26. Qd4 Bxc1) 26. Qe1 $2 {[%emt 0:01:23][%mdl 8192] This move loses the game for White.} Ng3+ $19 27. Kg1 Nxf1 28. e6 Be8 (28... Bxc1 $2 {loses.} 29. exd7 (29. Qxf1 $2 {too greedy.} Be8 $19) 29... Be3+ 30. Kxf1 $18) 29. Rc3 Nxh2 30. Ra3 Bd6 {[%emt 0:00:15] Hoping for ...Bc5+.} 31. Rxa6 Bc5+ {[%emt 0:00:04] Weighted Error Value: White=0.99/Black=0.20 (precise) .  Loses game:     	White=1     	---        Missed win:     	White=1     	---        Mistake:       	---       	Black=3      Inaccurate:     	White=3     	---        OK:         	White=4     	Black=8      Best:        	White=1     	Black=1      Strong:       	White=1     	Black=1} 0-1

[Event "CCT Julius Baer-D1 2024"]
[Site "Online"]
[Date "2024.09.27"]
[Round "1"]
[White "Vachier-Lagrave, Maxime"]
[Black "Aronian, Levon"]
[Result "0-1"]
[ECO "C02"]
[WhiteElo "2731"]
[BlackElo "2729"]
[Annotator "TA"]
[PlyCount "134"]
[EventDate "2024.09.25"]
[EventType "swiss"]
[EventCountry "NET"]
[SourceTitle "playchess.com"]
[Source "ChessBase"]
[SourceQuality "1"]
[TimeControl "600+2"]

1. e4 e6 2. d4 d5 3. e5 c5 4. c3 Nc6 5. Nf3 Bd7 6. Be2 Nge7 7. O-O Nf5 8. Bd3 cxd4 9. Bxf5 exf5 10. Nxd4 {[%emt 0:00:12] C02: French: Advance Variation.} Be7 11. Re1 O-O 12. Na3 $146 ({Predecessor:} 12. Nf3 Be6 13. Be3 Qc7 14. Nbd2 h6 15. Nb3 Nxe5 16. Nxe5 Qxe5 17. Bxa7 Qc7 18. Bd4 {½-½ Zhigalko,S (2656)-Korobov,A (2700) Wch Blitz 9th 2015 (6)}) 12... Bxa3 13. bxa3 Re8 14. Nf3 Qe7 15. Rb1 b6 16. Qxd5 h6 17. e6 fxe6 18. Qb3 Na5 19. Qb4 Bc6 20. Ne5 Be4 21. Qxe7 Rxe7 22. Rb4 Rc7 23. c4 Rac8 24. f3 Bd5 25. Bxh6 Nxc4 ({Much worse is} 25... Bxc4 26. Bg5 $11) 26. Bf4 Nxa3 27. Re2 ({White should try} 27. Ra4 $15 Nc4 28. Nd3) 27... Rc2 $17 28. Rb2 Rxb2 29. Rxb2 Rc2 30. Rxc2 Nxc2 31. a4 Bb3 32. Nc6 Bxa4 33. Nxa7 Bd7 $1 34. Kf2 Nb4 ({Better is} 34... Kf7 35. Ke2 b5) 35. Bd6 Nd5 36. h4 (36. f4 $142) 36... f4 $17 37. g3 fxg3+ 38. Bxg3 Kh7 39. Ke2 Kg6 40. Kd3 Kf5 41. Kc4 Ne3+ 42. Kd3 Ng2 43. Kc4 g6 44. Kd4 {[%emt 0:01:07] [#]} Nf4 $1 45. Kc4 Nd5 (45... e5 $19 {[%cal Ob6b5] and Black stays clearly on top. White must now prevent ...b5+!} 46. Bf2 Be6+ 47. Kb5 Bd5 48. Bxb6 Bxf3) 46. Kd4 $17 b5 47. Kc5 b4 48. Kc4 Ba4 49. Nc8 Bc2 50. Nd6+ Kf6 51. Kd4 b3 52. Be5+ Ke7 53. Nc4 Bd1 54. Ke4 Kd7 55. Bb2 Bc2+ 56. Kd4 Ne7 57. Kc5 Nd5 58. Kd4 $1 Nf4 59. Ne5+ Kd6 60. Ba3+ Kc7 61. Kc3 Ng2 62. Be7 Ne3 63. Bg5 $2 (63. Ba3 $15) 63... Nd5+ $2 (63... Nd1+ $19 64. Kd2 Bf5) 64. Kb2 $15 Kb6 65. Nc4+ Kc5 66. Nd2 {[%emt 0:00:01] [#]} (66. Ne3 $1 $15) 66... Kb4 (66... Kd4 $1 $19 67. Nxb3+ Bxb3 68. Kxb3 Ne3) 67. Be7+ $2 (67. Bh6 $15) 67... Nxe7 0-1

[Event "CCT Julius Baer-D1 2024"]
[Site "Online"]
[Date "2024.09.27"]
[Round "1"]
[White "Aronian, Levon"]
[Black "Vachier-Lagrave, Maxime"]
[Result "1-0"]
[ECO "B90"]
[WhiteElo "2729"]
[BlackElo "2731"]
[Annotator "TA"]
[PlyCount "125"]
[EventDate "2024.09.25"]
[EventType "swiss"]
[EventCountry "NET"]
[SourceTitle "playchess.com"]
[Source "ChessBase"]
[SourceQuality "1"]
[TimeControl "600+2"]

1. e4 {[%emt 0:00:02] Ter Sahakyan,Samvel} c5 2. Nf3 d6 3. d4 cxd4 4. Nxd4 Nf6 5. Nc3 a6 6. Bd3 e5 {[%emt 0:00:00] 6...g6 deserves study.} 7. Nde2 Nc6 {[%emt 0:00:01] B90: Sicilian Najdorf: Unusual White 6th moves, 6 Be3 Ng4 and 6 Be3 e5.} 8. O-O Be6 9. f4 exf4 10. Nxf4 Ne5 11. b3 Be7 12. Bb2 O-O 13. h3 Re8 14. Kh1 Bf8 15. Qe1 g6 16. Rd1 Rc8 17. Nce2 $146 ({Predecessor:} 17. Qf2 Bg7 18. Na4 Qe7 19. Nb6 Rc6 20. Bd4 Qc7 21. Qg1 Qe7 22. c4 Nfd7 23. Nbd5 {1-0 Sindarov,J (2629)-Ter Sahakyan,S (2625) Olympiad-44 Chennai 2022 (9.3)}) 17... Bd7 18. Qf2 Bg7 19. Nd5 Nxd5 20. Bxe5 Bxe5 21. Qxf7+ Kh8 22. exd5 (22. Qxd5 Re7 23. Qxb7 $17) 22... Rf8 (22... Bg4 {keeps more tension.} 23. Qxb7 Rf8 24. Rxf8+ Qxf8 25. Kg1 Bxe2 26. Bxe2 Rxc2 27. Rf1 Qe8) 23. Qxf8+ Qxf8 24. Rxf8+ Rxf8 25. Ng1 Bc3 26. Ne2 Be5 27. Re1 g5 28. Ng1 g4 29. hxg4 Bxg4 30. Be2 h5 31. Bf3 b5 32. c4 bxc4 33. bxc4 Bg3 34. Re3 Bf2 35. Re4 Bf5 36. Re2 Bc5 37. Rd2 h4 38. Ne2 Be3 39. Rd1 Bc2 40. Re1 Bf2 41. Rf1 Bc5 42. Nc3 Bd3 43. Rd1 Bxc4 44. Ne4 Rc8 45. Rc1 Bxa2 (45... Bxd5 $2 {loses.} 46. Nxd6 Rd8 (46... Rc7 $2 47. Ne8 $18) 47. Rxc5 $18) 46. Nxd6 Rc7 47. Ne8 Re7 48. Rxc5 Rxe8 49. Kh2 Kg7 50. Kh3 Rh8 ({Black should try} 50... Rd8 $14) 51. Rc7+ $16 Kf6 52. Rc6+ Kg5 (52... Ke5 $16 {was called for.}) 53. Rxa6 $18 Bb1 {[%emt 0:00:01] [#]} 54. Ra4 $1 Bf5+ (54... Rb8 $16) 55. Bg4 $18 Bg6 $2 (55... Rb8) 56. d6 $18 Rd8 57. d7 Bd3 58. Rd4 Bf1 59. Rd5+ Kg6 60. Rd1 (60. Re5 $142 Bc4 61. Kxh4 (61. Re8 Rxd7 62. Bxd7 Kg5 $18) 61... Bf7 62. Re8 Rxe8 63. dxe8=Q Bxe8 64. Bh5+ Kh7 65. Bxe8) 60... Bc4 61. Kxh4 Kf6 62. Kg3 Ke5 63. Re1+ (63. Rc1 $142 Kd5 64. Kf4) 1-0

[Event "CCT Julius Baer-D1 2024"]
[Site "Online"]
[Date "2024.09.27"]
[Round "1"]
[White "Fedoseev, Vladimir"]
[Black "Firouzja, Alireza"]
[Result "1/2-1/2"]
[ECO "D50"]
[WhiteElo "2692"]
[BlackElo "2767"]
[Annotator "TA"]
[PlyCount "55"]
[EventDate "2024.09.25"]
[EventType "swiss"]
[EventCountry "NET"]
[SourceTitle "playchess.com"]
[Source "ChessBase"]
[SourceQuality "1"]
[TimeControl "600+2"]

1. d4 d5 2. Nf3 Nf6 3. c4 e6 4. Nc3 c5 5. Bg5 cxd4 6. Nxd4 dxc4 7. e3 Be7 8. Bxc4 O-O 9. O-O Bd7 10. Qb3 Nc6 11. Nxc6 (11. Qxb7 $2 Na5 12. Qa6 Bc8 13. Bxf6 (13. Qb5 $2 a6 $19) 13... Bxf6 $19 (13... Bxa6 $2 14. Bxe7 Qxe7 15. Bxa6 $19)) 11... Bxc6 12. Rfd1 Qa5 13. Bf4 Rfd8 14. h3 h6 15. Ne2 (15. Bb5 $11) 15... Nd5 (15... Nh5 {seems wilder.} 16. Bh2 Qg5 17. g4 Bc5) 16. a4 (16. Bxd5 $1 $15 Bxd5 (16... Rxd5 17. Nd4 $11) 17. Qc3) 16... Nxf4 $17 17. Nxf4 Rxd1+ 18. Rxd1 Rd8 ({Reject} 18... Bxa4 $6 19. Qxb7 Bxd1 20. Qxa8+ Qd8 21. Qxa7 $16) (18... Bf6 $17 19. Bb5 Qb6) 19. Rxd8+ $1 $11 {[%emt 0:00:08] The position is equal.} Bxd8 {[%emt 0:00:00] This pair of bishops is nice.} 20. Bxe6 $1 fxe6 21. Qxe6+ Kh7 {[%emt 0:00:02] [#] Threatens to win with ...Qe1+.} 22. Qg6+ Kh8 (22... Kg8 $5 23. Qe6+ $8 Kh7 (23... Kh8 24. Ng6+ Kh7 25. Nf8+ Kh8 26. Ng6+ Kh7 27. Nf8+ Kh8 28. Ng6+ $11) 24. Qg6+ Kg8 (24... Kh8 25. Qf7 $11) 25. Qe6+ $11) 23. Qf7 {[%emt 0:00:01] Inhibits Bc7.} Bf6 24. Ng6+ Kh7 25. Nf8+ Kh8 26. Ng6+ Kh7 27. Nf8+ Kh8 28. Ng6+ {[%emt 0:00:01] Weighted Error Value: White=0.12 (very precise) /Black=0.12 (very precise) .  Mistake:       	White=2     	Black=1      Inaccurate:     	White=1     	Black=1      OK:         	White=8     	Black=5      Best:        	White=1     	Black=1      Strong:       	White=2     	---} 1/2-1/2

[Event "CCT Julius Baer-D1 2024"]
[Site "Online"]
[Date "2024.09.27"]
[Round "1"]
[White "Grischuk, Alexander"]
[Black "Erigaisi Arjun"]
[Result "1/2-1/2"]
[ECO "C85"]
[WhiteElo "2689"]
[BlackElo "2778"]
[Annotator "RC"]
[PlyCount "223"]
[EventDate "2024.09.25"]
[EventType "swiss"]
[EventCountry "NET"]
[SourceTitle "playchess.com"]
[Source "ChessBase"]
[SourceQuality "1"]
[TimeControl "600+2"]

1. e4 e5 2. Nf3 Nc6 3. Bb5 a6 4. Ba4 Nf6 5. O-O Be7 6. Bxc6 dxc6 7. d3 Bg4 8. h3 Bh5 9. g4 Nxg4 10. hxg4 Bxg4 11. Kg2 O-O 12. Qe1 Qd6 13. Nh2 Bh5 14. f4 f5 15. Nc3 exf4 16. Bxf4 Qd7 17. Qg3 Rf6 18. exf5 Rxf5 19. Ne4 Raf8 20. Bxc7 Qd4 21. Rxf5 Rxf5 22. Rf1 Rxf1 23. Nxf1 Qxb2 24. Ne3 Qxa2 25. Nf5 Qxc2+ 26. Kh3 Bf8 27. Nf6+ Kf7 28. Nxh5 Qd1 29. Nf4 Qh1+ 30. Qh2 Qf3+ 31. Qg3 Qh1+ 32. Qh2 Qf3+ 33. Ng3 g5 34. Qa2+ Ke8 35. Qe6+ Be7 36. Bd6 g4+ 37. Kh2 Qf2+ 38. Ng2 Qf7 39. Qc8+ Bd8 40. Qxg4 Qd5 41. Ne4 a5 42. Nf4 Qf7 43. Nh5 Bb6 44. Ng7+ Kd8 45. Ne6+ Ke8 46. Ng7+ Kd8 47. Kg2 a4 48. Ne6+ Ke8 49. N6g5 Qg6 50. Qc8+ Bd8 51. Qe6+ Qxe6 52. Nxe6 Be7 53. Bxe7 Kxe7 54. N6c5 a3 55. Nc3 Kd6 56. Nxb7+ Ke5 57. Na2 Kd4 58. Na5 Kxd3 59. Nxc6 h5 60. Kh3 h4 61. Ncb4+ Kc4 62. Kxh4 Kb3 63. Kg4 Kc4 64. Kf4 Kd4 65. Kf3 Kc4 66. Ke3 Kc5 67. Kd3 Kd6 68. Kd4 Ke6 69. Nd5 Kd6 70. Nf4 Kc6 71. Nd3 Kd6 72. Nc5 Kc6 73. Ne4 Kd7 74. Ke5 Kc6 75. Nf6 Kc5 76. Nd5 Kc4 77. Kd6 Kb3 78. Ndc3 Kc4 79. Ke5 Kc5 80. Ke4 Kc4 81. Ke3 Kc5 82. Kd3 Kd6 83. Kd4 Ke6 84. Ne4 Kf5 85. Nc5 Kf4 86. Nd3+ Kf5 87. Kd5 Kf6 88. Ke4 Ke6 89. Nc5+ Kd6 90. Kd4 Kc6 91. Ne4 Kd7 92. Ke5 Kc6 93. Ke6 Kc7 94. Kd5 Kd7 95. Nc5+ Ke7 96. Ke5 Kf7 97. Ne4 Ke7 98. Nf6 Kf7 99. Nd5 Kg6 100. Kf4 Kf7 101. Kf5 Kg7 102. Nf4 Kf7 103. Ng6 Ke8 104. Ke6 Kd8 105. Ne5 Ke8 106. Nd7 Kd8 107. Nf6 Kc7 108. Kd5 Kb6 109. Ne8 Kb5 110. Nd6+ Kb6 111. Nc4+ Kc7 112. Ne5 1/2-1/2

[Event "CCT Julius Baer-D1 2024"]
[Site "Online"]
[Date "2024.09.27"]
[Round "1.1"]
[White "Vachier-Lagrave, Maxime"]
[Black "LevonAronian"]
[Result "1-0"]
[ECO "C11"]
[WhiteElo "2878"]
[BlackElo "2790"]
[Annotator "RC"]
[PlyCount "101"]
[EventDate "2024.09.25"]
[EventType "swiss"]
[EventCountry "NET"]
[SourceTitle "playchess.com"]
[Source "ChessBase"]
[SourceQuality "1"]
[TimeControl "600+2"]

1. e4 e6 2. d4 d5 3. Nc3 Nf6 4. e5 Nfd7 5. Nce2 c5 6. c3 Nc6 7. Nf3 Be7 8. h4 Qa5 9. a3 cxd4 10. b4 Qb6 11. cxd4 f6 12. Nf4 fxe5 13. Nxe6 Bf6 14. Be3 e4 15. Nfg5 Nf8 16. Nf4 Ne7 17. Rc1 h6 18. Ngh3 Be6 19. Be2 Nfg6 20. Nxe6 Qxe6 21. h5 Nh4 22. Nf4 Qd6 23. Bb5+ Kf7 24. Qg4 Nhf5 25. Nxd5 Rhc8 26. Rxc8 Nxe3 27. Be8+ Kf8 28. Rxa8 Nxg4 29. Bg6+ Nc8 30. Rxc8+ Bd8 31. Ne3 Nxe3 32. fxe3 Qg3+ 33. Kf1 Ke7 34. Rh3 Qg4 35. Rc1 Kd6 36. Kg1 Bg5 37. Kh1 b5 38. Re1 Bh4 39. Ra1 Bf2 40. Kh2 a6 41. Ra2 Bh4 42. a4 Bg5 43. axb5 axb5 44. Rf2 Kc7 45. Bf5 Qd1 46. Bxe4 Qe1 47. Rff3 Qxb4 48. Rf7+ Kb6 49. Rxg7 Qe1 50. Rxg5 hxg5 51. h6 1-0